 Dungeon Sprint DCSS version 0.30.1-11-g7821555f0a (webtiles) character file.

Game seed: 6906495189806818182

3500000 boopmooplesden the Axe Maniac (level 20, -5/216 HPs)
             Began as a Grey Draconian Gladiator on Nov 8, 2023.
             Engulfed by a cloud of flame (11 damage)
             ... in the Dungeon (Sprint VIII: "Arena of Blood").
             The game lasted 00:01:46 (35 turns).

boopmooplesden the Axe Maniac (DrGl)                  Turns: 35, Time: 00:01:46

Health: -5/216     AC: 15    Str: 22    XL:     20   Next: 88%
Magic:  18/35      EV: 27    Int: 10    God:
Gold:   0          SH:  0    Dex: 15    Spells: 42/42 levels left

rFire   . . .        k - +∞ Axe of Woe
rCold   . . .        (shield currently unavailable)
rNeg    . . .        (body armour unavailable)
rPois   .            b - +0 hat
rElec   .            (no cloak)
rCorr   .            (no gloves)
SInv    .            (no boots)
Will    +....        (no amulet)
Stlth   +++++        (no ring)
HPRegen 0.56/turn    (no ring)
MPRegen 0.24/turn

%: no teleportation
@: no status effects
A: AC +15, amphibious, unfitting armour, cold-blooded
a: no special abilities


You were in the Dungeon.
You visited 1 branch

Inventory:

Hand Weapons
 a - a +0 war axe
 k - the +∞ Axe of Woe (weapon)
   (You found it in the Dungeon)
Missiles
 c - 3 throwing nets (quivered)
 d - a javelin
Armour
 b - a +0 hat (worn)
Scrolls
 j - a scroll of blinking
Potions
 e - a potion of curing
 f - a potion of heal wounds
 g - a potion of haste
 h - 2 potions of magic
 i - a potion of berserk rage


   Skills:
 O Level 27 Fighting
 + Level 12.9(15.0) Short Blades
 + Level 12.9(15.0) Long Blades
 O Level 27 Axes
 + Level 12.9(22.7) Maces & Flails
 + Level 12.9(22.7) Polearms
 + Level 12.9(16.9) Staves
 + Level 11.8 Ranged Weapons
 O Level 27 Throwing
 O Level 27 Dodging
 + Level 12.9 Stealth
 + Level 12.9 Shields
 + Level 12.9 Unarmed Combat
 + Level 11.8 Spellcasting
 + Level 12.9 Conjurations
 + Level 13.2 Hexes
 + Level 12.9 Summonings
 + Level 12.9 Necromancy
 + Level 12.9 Translocations
 + Level 12.9 Transmutations
 + Level 14.3 Fire Magic
 + Level 14.3 Ice Magic
 + Level 12.1 Air Magic
 + Level 16.8 Earth Magic
 + Level 14.3 Poison Magic
 + Level 15.5 Invocations
 + Level 14.3 Evocations


You had 42 spell levels left.
You didn't know any spells.
Your spell library was empty.

Dungeon Overview and Level Annotations

Branches:
Dungeon (1/1)

Altars:
Makhleb


Innate Abilities, Weirdness & Mutations

Your dull iron-grey scales are very hard. (AC +15)
You are amphibious.
You cannot fit into any form of body armour.
You are cold-blooded and may be slowed by cold attacks.


Message History

Your Ice Magic skill increases to level 13!
Your Air Magic skill increases to level 11!
Your Earth Magic skill gained 2 levels and is now at level 16!
Your Poison Magic skill increases to level 13!
Your Invocations skill gained 2 levels and is now at level 15!
Your Evocations skill increases to level 13!
Unknown command.
The bag of meat shouts!
You slash the bag of meat!
You fatally mangle the bag of meat.
You kill the bag of meat!
You slice the bag of meat!!
You fatally mangle the bag of meat.
You kill the bag of meat!
You are engulfed in blazing flames.
* * * LOW HITPOINT WARNING * * *
You hear a shout!
A bag of meat comes into view. It is wielding a +9 war axe.
You hear a shout! x2
The bag of meat is engulfed in blazing flames.
A bag of meat comes into view. It is wielding a +9 war axe. x2
The bag of meat is engulfed in blazing flames.
A bag of meat comes into view. It is wielding a +9 war axe.
The large bag of meat is engulfed in blazing flames.
You hear a shout!
Your Hexes skill increases to level 13!
Your Fire Magic skill increases to level 14!
Your Ice Magic skill increases to level 14!
Your Air Magic skill increases to level 12!
Your Poison Magic skill increases to level 14!
Your Evocations skill increases to level 14!
A meat berserker comes into view. It is wielding a +9 battleaxe.
The bag of meat shouts!
You slice the bag of meat!!
You hew the bag of meat savagely.
You kill the bag of meat!
You slash the bag of meat!
You pulverise the bag of meat into a thin bloody mist.
You kill the bag of meat!
You slice the bag of meat!!
You cleave the bag of meat in twain.
You kill the bag of meat!
You are engulfed in blazing flames.
You die...

o...#... ....o... ..
.oo..#.. ..oo.#.. .#
.o.o....#.o.O #... ..#
..ooo#...o.o###... ..##
#.........z......###....
#...Oo.o#O......._.....
#...o)#)......#.....#
#.)@☼o)....#_.<._#
#...)#°O)....#..)..#..
#...o.o§§#O....).)_.....
#.Oo.o..oo....)..###....
........o..)###.))....##
.o........... #.......#
OO............#.......#
..oo.#..o.........o.....
..#.#.#..........o....


You could see 3 large bags of meat, 4 meat berserkers and 28 bags of meat.

Vanquished Creatures
  15 ogres (D)
  2 two-headed ogres (D)
  28 orcs (D)
45 creatures vanquished.

Notes
Turn   | Place    | Note
-------+----------+-------------------------------------------
     0 | D        | Found the +∞ Axe of Woe
     0 | D        | boopmooplesden the Draconian Gladiator began the quest for
                  | the Orb.
     0 | D        | Reached XP level 1. HP: 17/17 MP: 1/1
     0 | D        | Noticed a meat berserker
     2 | D        | Noticed a bag of meat
     3 | D        | Killed a meat berserker
     3 | D        | Noticed a meat berserker
     3 | D        | Noticed a meat berserker
     4 | D        | Reached skill level 10 in Fighting
     4 | D        | Reached XP level 2. HP: 39/39 MP: 2/2
     4 | D        | Reached XP level 3. HP: 46/46 MP: 3/3
     4 | D        | Reached XP level 4. HP: 53/53 MP: 4/4
     4 | D        | Reached XP level 5. HP: 59/59 MP: 5/5
     4 | D        | Reached XP level 6. HP: 67/67 MP: 6/6
     4 | D        | Your scales start taking on a dull iron-grey colour.
     4 | D        | Reached XP level 7. HP: 73/73 MP: 7/7
     4 | D        | Reached XP level 8. HP: 81/81 MP: 8/8
     4 | D        | Reached XP level 9. HP: 86/86 MP: 9/9
     4 | D        | Reached XP level 10. HP: 94/94 MP: 10/10
     4 | D        | Reached XP level 11. HP: 101/101 MP: 11/11
     5 | D        | Noticed a meat berserker
     6 | D        | Killed a meat berserker
     6 | D        | Noticed a bag of meat
     7 | D        | Reached skill level 10 in Throwing
     7 | D        | Reached XP level 12. HP: 113/113 MP: 12/12
     7 | D        | Reached XP level 13. HP: 119/119 MP: 13/13
     7 | D        | Killed a meat berserker
     7 | D        | Noticed a bag of meat
     8 | D        | Noticed a bag of meat
     8 | D        | Noticed a bag of meat
     8 | D        | Noticed a bag of meat
     9 | D        | Noticed a bag of meat
     9 | D        | Noticed a bag of meat
     9 | D        | Noticed a meat berserker
     9 | D        | Noticed a bag of meat
     9 | D        | Noticed a bag of meat
    10 | D        | Killed a bag of meat
    10 | D        | Noticed a bag of meat
    10 | D        | Noticed a bag of meat
    11 | D        | Reached XP level 14. HP: 133/133 MP: 14/14
    11 | D        | Killed a bag of meat
    11 | D        | Killed a bag of meat
    11 | D        | Noticed a bag of meat
    11 | D        | Noticed a bag of meat
    11 | D        | Noticed a bag of meat
    12 | D        | Reached skill level 15 in Fighting
    12 | D        | Killed a meat berserker
    12 | D        | Killed a bag of meat
    12 | D        | Killed a bag of meat
    12 | D        | Noticed a bag of meat
    13 | D        | Reached skill level 27 in Axes
    13 | D        | Reached skill level 27 in Dodging
    13 | D        | Reached XP level 15. HP: 150/150 MP: 15/15
    14 | D        | Killed a meat berserker
    15 | D        | Reached XP level 16. HP: 176/176 MP: 16/16
    19 | D        | Noticed a meat berserker
    19 | D        | Noticed a large bag of meat
    19 | D        | Noticed a large bag of meat
    20 | D        | Noticed a meat berserker
    20 | D        | Noticed a meat berserker
    20 | D        | Noticed a meat berserker
    21 | D        | Noticed a meat berserker
    21 | D        | Noticed a large bag of meat
    21 | D        | Noticed a meat berserker
    21 | D        | Noticed a meat berserker
    22 | D        | Noticed a meat berserker
    24 | D        | Killed a meat berserker
    24 | D        | Killed a meat berserker
    24 | D        | Killed a meat berserker
    24 | D        | Noticed a meat berserker
    25 | D        | Reached skill level 27 in Fighting
    25 | D        | Reached skill level 27 in Throwing
    25 | D        | Reached XP level 17. HP: 169/191 MP: 17/17
    25 | D        | Killed a meat berserker
    25 | D        | Noticed a meat berserker
    26 | D        | Reached skill level 5 in Fire Magic
    26 | D        | Reached skill level 5 in Ice Magic
    26 | D        | Reached skill level 5 in Poison Magic
    26 | D        | Reached skill level 5 in Invocations
    26 | D        | Reached skill level 5 in Evocations
    27 | D        | Reached skill level 5 in Ranged Weapons
    27 | D        | Reached skill level 5 in Spellcasting
    27 | D        | Reached skill level 5 in Air Magic
    27 | D        | Reached XP level 18. HP: 178/200 MP: 17/26
    27 | D        | Noticed a large bag of meat
    28 | D        | Killed a meat berserker
    28 | D        | Killed a large bag of meat
    28 | D        | Noticed a meat berserker
    29 | D        | Reached skill level 10 in Earth Magic
    29 | D        | Killed a meat berserker
    29 | D        | Noticed a meat berserker
    30 | D        | Reached skill level 10 in Fire Magic
    30 | D        | Reached skill level 10 in Ice Magic
    30 | D        | Reached skill level 10 in Poison Magic
    30 | D        | Reached skill level 10 in Invocations
    30 | D        | Reached skill level 10 in Evocations
    30 | D        | Reached XP level 19. HP: 129/207 MP: 17/31
    30 | D        | Killed a meat berserker
    31 | D        | Reached skill level 10 in Short Blades
    31 | D        | Reached skill level 10 in Long Blades
    31 | D        | Reached skill level 10 in Maces & Flails
    31 | D        | Reached skill level 10 in Polearms
    31 | D        | Reached skill level 10 in Staves
    31 | D        | Reached skill level 10 in Stealth
    31 | D        | Reached skill level 10 in Shields
    31 | D        | Reached skill level 10 in Unarmed Combat
    31 | D        | Reached skill level 10 in Conjurations
    31 | D        | Reached skill level 10 in Hexes
    31 | D        | Reached skill level 10 in Summonings
    31 | D        | Reached skill level 10 in Necromancy
    31 | D        | Reached skill level 10 in Translocations
    31 | D        | Reached skill level 10 in Transmutations
    31 | D        | Killed a meat berserker
    32 | D        | Reached skill level 10 in Ranged Weapons
    32 | D        | Reached skill level 10 in Spellcasting
    32 | D        | Reached skill level 10 in Air Magic
    32 | D        | Reached XP level 20. HP: 114/216 MP: 17/34
    32 | D        | Noticed a meat berserker
    33 | D        | Noticed a large bag of meat
    33 | D        | Killed a meat berserker
    33 | D        | Killed a meat berserker
    33 | D        | Killed a large bag of meat
    34 | D        | Reached skill level 15 in Invocations
    34 | D        | HP: 6/216 [something (12)]
    35 | D        | Noticed a meat berserker
    35 | D        | Engulfed by a cloud of flame

Illustrated notes

Levels and vault maps discovered:
D:        meatsprint

Skill      XL: |  1  2  3  4  5  6  7  8  9 10 11 12 13 14 15 16 17 18 19 20 |
---------------+-------------------------------------------------------------+-----
Fighting       | 10 12 14 18 24 27 | 27.0
Axes           | 19 22 24 27 | 27.0
Throwing       | 9 10 12 14 19 27 | 27.0
Dodging        | 17 19 22 27 | 27.0
Short Blades   | 6 8 11 12 | 12.9
Long Blades    | 6 8 11 12 | 12.9
Maces & Flails | 6 9 11 12 | 12.9
Polearms       | 6 8 11 12 | 12.9
Staves         | 6 8 11 12 | 12.9
Ranged Weapons | 5 8 10 11 | 11.8
Stealth        | 6 8 11 12 | 12.9
Shields        | 6 8 11 12 | 12.9
Unarmed Combat | 6 8 11 12 | 12.9
Spellcasting   | 5 8 10 11 | 11.8
Conjurations   | 6 9 11 12 | 12.9
Hexes          | 6 9 11 13 | 13.2
Summonings     | 6 8 11 12 | 12.9
Necromancy     | 6 8 11 12 | 12.9
Translocations | 6 8 11 12 | 12.9
Transmutations | 6 8 11 12 | 12.9
Fire Magic     | 6 10 12 14 | 14.3
Ice Magic      | 6 10 12 14 | 14.3
Air Magic      | 5 8 10 12 | 12.1
Earth Magic    | 8 11 14 16 | 16.8
Poison Magic   | 6 10 12 14 | 14.3
Invocations    | 7 10 13 15 | 15.5
Evocations     | 6 10 12 14 | 14.3

Action                     |  1- 3 |  4- 6 |  7- 9 | 10-12 | 13-15 | 16-18 | 19-21 || total
---------------------------+-------+-------+-------+-------+-------+-------+-------++-------
  Melee: Executioner's axe |     1 |       |       |     1 |     6 |     7 |     5 ||    20
 Armour: Skin              |       |       |       |       |     1 |       |     1 ||     2
